 Dungeon Crawl Stone Soup version 0.31-a0-164-g2312942fda (webtiles) character file.

Game seed: 14968813255048896090

766 qw the Blocker (level 7, -5/41 HPs)
             Began as a Gargoyle Fighter on June 13, 2023.
             Was a Follower of Okawaru.
             Splashed by a jelly's acid (8 damage)
             ... on level 6 of the Dungeon.
             The game lasted 00:02:11 (5473 turns).

qw the Blocker (Gargoyle Fighter)                   Turns: 5473, Time: 00:02:12

Health: -5/41      AC: 14    Str: 21    XL:     7   Next: 82%
Magic:  5/7        EV:  8    Int:  9    God:    Okawaru [*.....]
Gold:   330        SH: 16    Dex:  9    Spells: 6/6 levels left

rFire   + . .        Y - +1 war axe
rCold   . . .        n - +0 tower shield
rNeg    + . .        u - +0 chain mail
rPois   inf          l - +1 helmet
rElec   +            (no cloak)
rCorr   .            (no gloves)
SInv    .            (no boots)
Will    .....        (no amulet) Stlth
                     m - ring of protection from fire
HPRegen 0.26/turn    (no ring)
MPRegen 0.10/turn

%: no passive effects
@: heroic, corroded
A: sickness immunity, AC +4, negative energy resistance 1, electricity
resistance, torment resistance 1, petrification resistance
a: Renounce Religion, Heroism


You were on level 6 of the Dungeon.
You worshipped Okawaru.
Okawaru was aware of your devotion.
You visited 2 branches of the dungeon, and saw 7 of its levels.

You collected 330 gold pieces.


Innate Abilities, Weirdness & Mutations

You are immune to sickness and miasma.
Your stone body is resilient. (AC +4)
You are immune to poison.
You resist negative energy. (rN+)
You are resistant to electric shocks. (rElec)
You are resistant to unholy torment.
You are immune to petrification.


   Skills:
 - Level 3.2(8.2) Fighting
 - Level 5.0(10.0) Axes
 - Level 3.2(8.2) Armour
 + Level 8.0(13.0) Shields
 + Level 0.0 Invocations


You had 6 spell levels left.
You didn't know any spells.
Your spell library was empty.

Inventory:

Hand Weapons
 e - a +0 flail
 Y - a +1 war axe (weapon)
Missiles
 b - a boomerang (quivered)
Armour
 l - a +1 helmet (worn)
 n - a +0 tower shield (worn)
 u - a +0 chain mail (worn)
Jewellery
 m - a ring of protection from fire (left hand)
Scrolls
 a - a scroll of identify
Potions
 c - a potion of curing
 d - 2 potions of might
 f - a potion of lignification
 i - a potion of degeneration {unknown}
 j - a potion of brilliance {unknown}
 p - a potion of mutation {unknown}
 q - a potion of haste {unknown}
 r - a potion of cancellation {unknown}

Dungeon Overview and Level Annotations

Branches:
Dungeon (6/15)             Temple (1/1) D:5

Altars:
Ashenzari
Cheibriados
Dithmenos
Elyvilon
Fedhas
Gozag
Hepliaklqana
Kikubaaqudgha
Makhleb
Nemelex Xobeh
Okawaru
Qazlal
Ru
Sif Muna
Trog
Uskayaw
Vehumet
Wu Jian
Yredelemnul
Zin
The Shining One

Shops:
D:5 *


Message History

You throw a boomerang. The boomerang hits the ogre.
The ogre is lightly wounded.
You slash the ogre!
The ogre is severely wounded.
You block the ogre's attack.
You hit the ogre.
The ogre is severely wounded.
The ogre hits you but does no damage.
You barely miss the ogre.
The ogre is severely wounded.
The ogre hits you with a +0 giant club!!
Ouch! That really hurt!
You hit the ogre.
The ogre is severely wounded.
The ogre hits you with a +0 giant club!
5468 ||| READING scroll of teleportation.
As you read the scroll of teleportation, it crumbles to dust.
You feel strangely unstable. The ogre barely misses you.
You hit the ogre.
The ogre is almost dead.
You block the ogre's attack.
You slash the ogre!
You kill the ogre!
Okawaru accepts your kill.
You can now gain great but temporary skills.
Your surroundings suddenly seem different.
A jelly comes into view.
The jelly quivers.
The jelly moves out of view.
Your Axes skill increases to level 5!
You start resting.
A jelly is nearby!
5472 ||| INVOKING Heroism.
You gain the combat prowess of a mighty hero.
The jelly hits you but does no damage.
You hit the jelly.
Your hands burn!
The jelly is moderately wounded.
The jelly hits you. The acid corrodes you!
You are splashed with acid!
You die...

##........
##.....#.
##
...#####
.##
.#######
#..
###.....
..
......).
.#
.##.....
####J#
######
#..@.#
#...####
#..# #.


You could see a jelly.

Vanquished Creatures
  3 ogres
  A phantom (D:4)
  A bullfrog (D:5)
  A jelly (D:4)
  An orc priest (D:5)
  2 hounds
  2 iguanas
  An orc wizard (D:5)
  8 adders
  An ufetubus (D:5)
  3 dart slugs
  2 worms (D:2)
  17 orcs
  7 ball pythons
  7 endoplasms
  2 giant cockroaches (D:1)
  8 goblins
  2 hobgoblins
  4 jackals
  8 kobolds
  6 quokkas
  5 bats
  A frilled lizard (D:3)
  2 rats
95 creatures vanquished.

Notes
Turn   | Place    | Note
-------+----------+-------------------------------------------
     0 | D:1      | qw the Gargoyle Fighter began the quest for the Orb.
     0 | D:1      | Reached XP level 1. HP: 14/14 MP: 1/1
     0 | D:1      | 0 ||| qw: Version: 0.2-a-29-gc1b59c4
     0 | D:1      | 0 ||| qw: Game counter: 4573
     0 | D:1      | 0 ||| qw: Always use a shield: true
     0 | D:1      | 0 ||| qw: God list: Okawaru
     0 | D:1      | 0 ||| qw: Allow faded altars: false
     0 | D:1      | 0 ||| qw: Do Orc after D:15 true
     0 | D:1      | 0 ||| qw: Do second Lair branch before Depths: true
     0 | D:1      | 0 ||| qw: Lair rune preference: random
     0 | D:1      | 0 ||| qw: Plans: Normal, Zot:1-4, Slime:5, God:TSO, Crypt,
                  | Tomb, Abyss, Pan, Hells, Win
     0 | D:1      | 0 ||| PLANNING D:1-11
   300 | D:1      | Found a faded altar of an unknown god.
   314 | D:1      | Reached XP level 2. HP: 19/19 MP: 2/2
   486 | D:1      | 486 ||| Stepping ~*~*~tactically~*~*~ (stealth).
   487 | D:1      | 487 ||| Stepping ~*~*~tactically~*~*~ (stealth).
   921 | D:1      | 921 ||| READING scroll labelled NYFUOL FOISUXU.
   922 | D:1      | 922 ||| READING scroll labelled HIAH NAAGOXKI.
   973 | D:2      | Reached skill level 3 in Axes
   974 | D:2      | 974 ||| STAIRDANCE
   979 | D:1      | Reached XP level 3. HP: 17/23 MP: 3/3
  1042 | D:2      | 1042 ||| Stepping ~*~*~tactically~*~*~ (stealth).
  1295 | D:2      | 1295 ||| Stepping ~*~*~tactically~*~*~ (hiding).
  1303 | D:2      | 1303 ||| Stepping ~*~*~tactically~*~*~ (hiding).
  1304 | D:2      | 1304 ||| Stepping ~*~*~tactically~*~*~ (hiding).
  1570 | D:2      | Reached XP level 4. HP: 28/28 MP: 4/4
  1645 | D:2      | 1645 ||| Stepping ~*~*~tactically~*~*~ (hiding).
  1959 | D:2      | 1959 ||| READING 2 scrolls labelled SOSHRU POXULIMEU.
  1960 | D:2      | 1960 ||| READING scroll labelled IRRASU TIYHA.
  1961 | D:2      | 1961 ||| DROPPING scroll of blinking.
  2133 | D:3      | 2133 ||| DROPPING +0 mace.
  2325 | D:3      | 2325 ||| Stepping ~*~*~tactically~*~*~ (hiding).
  2807 | D:3      | 2807 ||| UPGRADING to +0 tower shield.
  2817 | D:3      | 2817 ||| DROPPING +0 buckler.
  2818 | D:3      | 2818 ||| UPGRADING to ring of protection from fire.
  2819 | D:3      | 2819 ||| READING scroll labelled OTOATU GOHUI.
  2820 | D:3      | 2820 ||| READING scroll labelled UTARPHI DUOMI.
  2821 | D:3      | 2821 ||| DRINKING 2 fizzy pink potions.
  2873 | D:4      | Reached XP level 5. HP: 32/32 MP: 5/5
  2953 | D:4      | Reached skill level 4 in Shields
  2994 | D:4      | Noticed a phantom
  3006 | D:4      | Killed a phantom
  3007 | D:4      | Reached skill level 5 in Shields
  3007 | D:4      | Reached XP level 6. HP: 24/37 MP: 6/6
  3120 | D:4      | 3120 ||| Stepping ~*~*~tactically~*~*~ (stealth).
  3122 | D:4      | 3122 ||| Stepping ~*~*~tactically~*~*~ (hiding).
  3129 | D:4      | 3129 ||| Stepping ~*~*~tactically~*~*~ (stealth).
  3865 | D:4      | 3865 ||| UPGRADING to +1 helmet.
  3870 | D:4      | 3870 ||| UPGRADING to +0 chain mail.
  3880 | D:4      | 3880 ||| DROPPING +0 scale mail.
  3881 | D:4      | 3881 ||| DROPPING ring of flight.
  3882 | D:4      | 3882 ||| READING scroll labelled QUFAINKISIN.
  3883 | D:4      | 3883 ||| READING scroll labelled SUACIY NUASIKLIO.
  3984 | D:4      | 3984 ||| DRINKING 2 fizzy green potions.
  3985 | D:4      | 3985 ||| DRINKING potion of curing.
  3985 | D:4      | 3985 ||| (to cure confusion)
  3986 | D:4      | 3986 ||| READING 2 scrolls of identify.
  3986 | D:4      | 3986 ||| IDENTIFYING purple potion
  3987 | D:4      | 3987 ||| DROPPING potion of ambrosia.
  3988 | D:4      | 3988 ||| DROPPING potion of enlightenment.
  4019 | D:5      | Entered Level 5 of the Dungeon
  4026 | D:5      | Found a hide-covered altar of Uskayaw.
  4033 | D:5      | 4033 ||| Stepping ~*~*~tactically~*~*~ (hiding).
  4035 | D:5      | 4035 ||| Stepping ~*~*~tactically~*~*~ (hiding).
  4236 | D:5      | Found a staircase to the Ecumenical Temple.
  4237 | D:5      | 4237 ||| PLANNING TEMPLE
  4238 | D:5      | 4238 ||| Stepping ~*~*~tactically~*~*~ (stealth).
  4242 | D:5      | Noticed a water moccasin
  4245 | D:5      | Reached skill level 6 in Shields
  4344 | Temple   | Entered the Ecumenical Temple
  4374 | Temple   | 4374 ||| PLANNING OKAWARU WORSHIP
  4513 | Temple   | 4513 ||| READING 2 scrolls of identify.
  4513 | Temple   | 4513 ||| IDENTIFYING glowing golden potion
  4520 | Temple   | Became a worshipper of Warmaster Okawaru
  4520 | Temple   | 4520 ||| PLANNING D:1-11
  4580 | D:5      | Found a glowing silver altar of Zin.
  4738 | D:5      | HP: 2/37 [ogre/+0 giant spiked club (23)]
  4739 | D:5      | 4739 ||| READING 2 scrolls of teleportation.
  4740 | D:5      | 4740 ||| DRINKING 2 potions of heal wounds.
  4741 | D:5      | 4741 ||| DRINKING potion of heal wounds.
  4942 | D:5      | Found Cadifap's Lightly-Used Armoury.
  4949 | D:5      | Reached XP level 7. HP: 41/41 MP: 7/7
  4956 | D:5      | 4956 ||| SHOPLISTING -1 gold dragon scales (1125 gold, have
                  | 330).
  4956 | D:5      | 4956 ||| SHOPLISTING -2 crystal plate armour (1050 gold,
                  | have 330).
  4956 | D:5      | 4956 ||| SHOPLISTING -2 pearl dragon scales (1350 gold,
                  | have 330).
  4956 | D:5      | 4956 ||| SHOPLISTING -3 pearl dragon scales (1275 gold,
                  | have 330).
  4996 | D:5      | Found an ornate altar of the Wu Jian Council.
  4998 | D:5      | 4998 ||| READING scroll labelled MIOR WORESAOB.
  5000 | D:5      | 5000 ||| DRINKING 2 metallic red potions.
  5036 | D:5      | Reached skill level 7 in Shields
  5269 | D:5      | 5269 ||| Stepping ~*~*~tactically~*~*~ (stealth).
  5298 | D:6      | 5298 ||| STAIRDANCE
  5302 | D:5      | HP: 9/41 [ogre/+0 giant spiked club (6)]
  5303 | D:5      | 5303 ||| READING scroll of teleportation.
  5305 | D:5      | Reached skill level 8 in Shields
  5447 | D:6      | Found a white marble altar of Elyvilon.
  5467 | D:6      | HP: 5/41 [ogre/+0 giant club (14)]
  5468 | D:6      | 5468 ||| READING scroll of teleportation.
  5470 | D:6      | Reached * piety under Okawaru
  5472 | D:6      | 5472 ||| INVOKING Heroism.
  5473 | D:6      | HP: 4/41 [acid (3)]
  5473 | D:6      | Splashed by a jelly's acid

Levels and vault maps discovered:
D:1:      tarquinn_simple_flora_water_d, layout_loops_corners,
          hellmonk_ecumenical_altar_crossroads
D:2:      layout_loops_cross, serial_rivers, chequers_serial_rivers_micro_a,
          chequers_serial_rivers_room_b, chequers_serial_rivers_marsh,
          chequers_serial_rivers_micro_a, chequers_serial_rivers_marsh
D:3:      layout_basic, hangedman_decor_points, kennysheep_pointless_box
D:4:      layout_loops_ring
D:5:      layout_basic, mainiacjoe_overflow_six_doors_small,
          nicolae_wu_jian_immortal_techniques, mainiacjoe_overflow_brackets,
          minmay_temple_entry_tees, hangedman_glass_teeth, minmay_shop_damaged
D:6:      layout_rooms, lemuel_crystal_altar, serial_shops, nicolae_shop_trees,
          shop
Temple:   bh_familiar_temple

Skill      XL: |  1  2  3  4  5  6  7 |
---------------+----------------------+-----
Axes           | 2 3 4 5 |  5.0
Shields        | 5 6 8 |  8.0
Fighting       | |  3.2
Armour         | |  3.2

Action                     |  1- 3 |  4- 6 |  7- 9 || total
---------------------------+-------+-------+-------++-------
  Melee: War axe           |    89 |   178 |    40 ||   307
  Throw: Boomerang         |       |    49 |    10 ||    59
 Invoke: Heroism           |       |       |     1 ||     1
    Use: Scroll            |     2 |     9 |     3 ||    14
         Potion            |       |     5 |     1 ||     6
 Armour: Scale mail        |    59 |    82 |       ||   141
         Chain mail        |       |     6 |    17 ||    23
         Skin              |       |       |    28 ||    28
  Dodge: Dodged            |    48 |    60 |     6 ||   114
  Block: Buckler           |    17 |    16 |       ||    33
         Tower shield      |       |    57 |    39 ||    96

Table legend:
 A = Non-vault XP
 B = Vault XP
 C = Vault XP percentage of total XP
 D = Non-vault monster count
 E = Vault monster count
 F = Vault count percentage of total count
                 A         B        C        D         E       F
            +---------+---------+-------+---------+---------+-------
      Total |    1095 |       0 |   0.0 |      95 |       0 |   0.0
            +---------+---------+-------+---------+---------+-------
        D:1 |      48 |       0 |   0.0 |      19 |       0 |   0.0
        D:2 |      66 |       0 |   0.0 |      21 |       0 |   0.0
        D:3 |      50 |       0 |   0.0 |      18 |       0 |   0.0
        D:4 |     308 |       0 |   0.0 |      19 |       0 |   0.0
        D:5 |     505 |       0 |   0.0 |      17 |       0 |   0.0
        D:6 |     118 |       0 |   0.0 |       1 |       0 |   0.0
            +---------+---------+-------+---------+---------+-------
